 Dungeon Crawl Stone Soup version 0.27.1-34-g3ba077fa99 (webtiles) character file.

Game seed: 7011271469669681931

7 ticklebelly the Skirmisher (level 1, -7/20 HPs)
             Began as a Minotaur Berserker on Jan 8, 2022.
             Was a Follower of Trog.
             Mangled by Sigmund (9 damage)
             ... on level 2 of the Dungeon.
             The game lasted 00:00:54 (873 turns).

ticklebelly the Skirmisher (Minotaur Berserker)      Turns: 873, Time: 00:00:54

Health: -7/20      AC:  3    Str: 21    XL:     1   Next: 91%
Magic:  0/0        EV: 11    Int:  4    God:    Trog [*.....]
Gold:   7          SH:  0    Dex:  9    Spells: 0/0 levels left

rFire    . . .     SeeInvis .   a - +0 hand axe
rCold    . . .     Faith    .   (no shield)
rNeg     . . .     Spirit   .   c - +0 leather armour
rPois    .         Reflect  .   (helmet restricted)
rElec    .         Harm     .   (no cloak)
rCorr    .         Rampage  .   (no gloves)
Will     .....                  (no boots)
Stlth    +.........             (no amulet)
HPRegen  0.06/turn              (no ring)
MPRegen  0.07/turn              (no ring)

@: no status effects
A: horns 2, retaliatory headbutt
a: Renounce Religion, Berserk


You were on level 2 of the Dungeon.
You worshipped Trog.
Trog was aware of your devotion.
You visited 1 branch of the dungeon, and saw 2 of its levels.

You collected 7 gold pieces.

Inventory:

Hand Weapons
 a - a +0 hand axe (weapon)
Armour
 c - a +0 leather armour (worn)
Scrolls
 b - 2 scrolls of identify {unknown}
 e - 2 scrolls of vulnerability {unknown}
 f - a scroll of teleportation {unknown}
Potions
 d - a potion of curing {unknown}


   Skills:
 + Level 3.8 Fighting
 + Level 3.8 Axes
 + Level 2.7 Armour
 - Level 2.1 Dodging


You couldn't memorise any spells.
You didn't know any spells.
Your spell library was empty.

Dungeon Overview and Level Annotations

Branches:
Dungeon (2/15)

Altars:

Annotations:
D:2 Sigmund


Innate Abilities, Weirdness & Mutations

You have a pair of horns on your head.
You reflexively headbutt those who attack you in melee.


Message History

The goblin unwields a +0 dagger.
The goblin wields a +0 hunting sling.
The goblin shoots a stone.
The stone closely misses you.
Found 9 gold pieces.
The bat hits you but does no damage. x2
You closely miss the bat. Your headbutt misses the bat.
The bat closely misses you.
The goblin shoots a stone.
The stone hits you.
Sigmund the Dreaded comes into view.
He is wielding a +0 scythe.
Sigmund shouts!
The bat closely misses you.
The goblin shoots a stone.
The stone hits you.
You closely miss the bat. Your headbutt misses the bat. The bat hits you.
Sigmund gestures at you while chanting.
You are confused.
The goblin shoots a stone.
The stone closely misses you.
You are too confused!
You are too confused!
You are too confused!
You are too confused!
You are too confused!
You miss the bat. The bat barely misses you.
The goblin shoots a stone.
The stone hits you but does no damage.
You are too confused!
You are too confused!
The bat hits you but does no damage.
The goblin shoots a stone.
The stone barely misses you.
Sigmund hits you from afar with a +0 scythe.
The goblin unwields a +0 hunting sling.
The goblin wields a +0 dagger.
The goblin hits you with a +0 dagger. The bat hits you but does no damage.
The bat misses you. Sigmund hits you with a +0 scythe.
* * * LOW HITPOINT WARNING * * *
You are too confused!
You feel less confused. The bat hits you but does no damage.
The goblin unwields a +0 dagger.
The goblin wields a +0 hunting sling.
The goblin shoots a stone.
The stone hits you.
* * * LOW HITPOINT WARNING * * *
The bat barely misses you. You furiously retaliate!
You headbutt the bat!
You kill the bat!
Trog accepts your kill.
You hit Sigmund but do no damage. You headbutt Sigmund, but do no damage.
Sigmund hits you with a +0 scythe!
You die...

.............# .
...†.........#### .##
.##.............# ..#
<##.#.......##..##..## #
....##......#........#.#
....##.................#
.....#..........g.....#
###..#...<..#........##
#....#...##..@@....#
#..##...###$..>......#
...#...## #..........#
.......# ##........##
..##. ##..##..## #.# ##
.... ### ..... .....


You could see Sigmund and a goblin.

Vanquished Creatures
  2 hobgoblins
  2 kobolds (D:1)
  A bat (D:2)
  A frilled lizard (D:1)
  2 rats
8 creatures vanquished.

Notes
Turn   | Place    | Note
-------+----------+-------------------------------------------
     0 | D:1      | ticklebelly the Minotaur Berserker began the quest for the
                  | Orb.
     0 | D:1      | Reached XP level 1. HP: 19/19 MP: 0/0
    45 | D:1      | Found a faded altar of an unknown god.
   866 | D:2      | Noticed Sigmund
   873 | D:2      | Mangled by Sigmund

Illustrated notes

Levels and vault maps discovered:
D:1:      elethiomel_arrival_quiet, layout_basic,
          shapermc_ecumenical_altar_hornbeckon, serial_corexii_hall,
          chequers_hall_statues_y, corexii_hall_statues_x,
          corexii_hall_statues_i, chequers_hall_statues_corner_a,
          chequers_hall_statues_y, corexii_hall_statues_i
D:2:      layout_rooms, basic_altar, kennysheep_small_spiral, st_stairs_5,
          uniq_sigmund

Action                   || total
-------------------------++-------
Melee: Hand axe          ||    17
       Headbutt          ||     3
Armor: Leather armour    ||     9
Dodge: Dodged            ||    16
